 Dungeon Crawl Stone Soup version 0.24.0-13-gcf9b319 (webtiles) character file.

Game seed: 16505350129235992881, levelgen mode: deterministic

100 Gingerlord the Skirmisher (level 4, -2/29 HPs)
             Began as a Gargoyle Fighter on Apr 12, 2020.
             Killed from afar by Sigmund (10 damage)
             ... with a magic dart
             ... on level 2 of the Dungeon.
             The game lasted 00:03:55 (1967 turns).

Gingerlord the Skirmisher (Gargoyle Fighter)        Turns: 1967, Time: 00:03:56

Health: -2/29      AC: 14    Str: 20    XL:     4   Next: 73%
Magic:  4/4        EV:  5    Int:  8    God:
Gold:   121        SH:  9    Dex: 10    Spells: 3/3 levels left

rFire    . . .     SeeInvis .   a - +0 war axe
rCold    . . .     Gourm    .   c - +0 shield
rNeg     + . .     Faith    +   n - +0 chain mail
rPois    ∞         Spirit   .   (no helmet)
rElec    +         Reflect  .   j - +0 cloak
rCorr    .         Harm     .   (no gloves)
MR       .....                  (no boots)
Stlth    ..........             b - amulet of faith
HPRegen  0.09/turn              (no ring)
MPRegen  0.09/turn              (no ring)

@: no status effects
A: negative energy resistance 1, electricity resistance, unbreathing,
petrification resistance, rot immunity, AC +3
a: no special abilities


You were on level 2 of the Dungeon.
You were not hungry.

You visited 1 branch of the dungeon, and saw 2 of its levels.

You collected 121 gold pieces.

Inventory:

Hand Weapons
 a - a +0 war axe (weapon)
Armour
 c - a +0 shield (worn)
 j - a +0 cloak (worn)
 n - a +0 chain mail (worn)
Jewellery
 b - an amulet of faith (around neck)
Wands
 p - a wand of polymorph (7)
Scrolls
 e - a scroll of remove curse {unknown}
 m - a scroll of teleportation {unknown}
Potions
 d - a potion of might
 g - a potion of invisibility {unknown}
 i - a potion of resistance {unknown}
 k - a potion of cancellation {unknown}
 l - 3 potions of curing
 o - 2 potions of lignification
Comestibles
 f - 2 rations


   Skills:
 + Level 4.1 Fighting
 + Level 2.5 Axes
 + Level 4.0 Armour
 + Level 4.0 Shields


You had 3 spell levels left.
You didn't know any spells.
Your spell library was empty.

Dungeon Overview and Level Annotations

Branches:
Dungeon (2/15)

Altars:
Ashenzari

Annotations:
D:2 Natasha, Robin, Sigmund


Innate Abilities, Weirdness & Mutations

You are resistant to torment.
Your stone body is resilient. (AC +3)
You are immune to poison.
You resist negative energy. (rN+)
You are resistant to electric shocks. (rElec)
You can survive without breathing.
You are immune to petrification.
You are immune to rotting.


Message History

Sigmund hits you with a +0 scythe.
You hit Sigmund.
Sigmund is severely wounded.
Natasha mumbles some strange words.
Natasha glows brightly for a moment.
Sigmund hits you but does no damage.
You hit Sigmund.
Sigmund is severely wounded.
Sigmund hits you with a +0 scythe.
* * * LOW HITPOINT WARNING * * *
You hit Sigmund.
Sigmund is severely wounded.
Natasha mumbles some strange words.
Natasha glows brightly for a moment.
You block Sigmund's attack.
Your chain mail prevents you from hitting Sigmund.
Sigmund is severely wounded.
Sigmund points at you and mumbles some strange words.
The magic dart hits you!
You die...

.###### #.#.....#
#...... .#
#.####### #<####.
.# #.# #...... .#
#.# ####### .# #.#
## #.# #### #.#
...# #########.#
##.######.ggggh@@.#
.>.)....#.#########
##.####.#§###
............####
............g.g#
##.####.....##h#
##.# #..##.##.###
##.# #..##...h..#
#.#
#..##.##g#.######


You could see Sigmund, Natasha, 3 hobgoblins and a goblin.

Vanquished Creatures
  A bullfrog (D:2)
  An adder skeleton (D:2)
  2 dart slugs (D:1)
  A leopard gecko (D:2)
  A ball python (D:1)
  2 giant cockroaches
  6 goblins
  A hobgoblin (D:2)
  5 kobolds
  4 bats
  2 frilled lizards
  4 rats
30 creatures vanquished.

Notes
Turn   | Place    | Note
-------+----------+-------------------------------------------
     0 | D:1      | Gingerlord the Gargoyle Fighter began the quest for the
                  | Orb.
     0 | D:1      | Reached XP level 1. HP: 14/14 MP: 1/1
    24 | D:1      | Found a shattered altar of Ashenzari.
   240 | D:1      | Reached XP level 2. HP: 19/19 MP: 2/2
   753 | D:2      | Noticed Sigmund
   915 | D:2      | Reached XP level 3. HP: 24/24 MP: 3/3
  1005 | D:2      | Noticed an ice beast
  1035 | D:2      | Noticed a bullfrog
  1035 | D:2      | an ice beast changed into a bullfrog
  1043 | D:2      | Killed a bullfrog
  1043 | D:2      | Reached XP level 4. HP: 14/29 MP: 4/4
  1318 | D:2      | Noticed Natasha
  1330 | D:2      | Noticed Robin
  1967 | D:2      | Killed from afar by Sigmund

Levels and vault maps discovered:
D:1:      sevenhm_arrival_forest_fort_small_3, layout_basic, minivault_14,
          minmay_tree_intersection, ashenzari_altar_1
D:2:      layout_loops_ring, kennysheep_okawaru_gauntlet, lemuel_blue_sif_altar,
          uniq_robin, uniq_natasha, uniq_sigmund

Skill      XL: |  1  2  3 |
---------------+----------+-----
Axes           | 2 |  2.5
Fighting       | 4 |  4.1
Armour         | 4 |  4.0
Shields        | 4 |  4.0

Action                   |  1- 3 |  4- 6 || total
-------------------------+-------+-------++-------
Melee: War axe           |    64 |    73 ||   137
Evoke: Wand              |     4 |       ||     4
  Use: Scroll            |       |     2 ||     2
       Potion            |       |     1 ||     1
  Eat: Ration            |       |     1 ||     1
Armor: Scale mail        |    10 |       ||    10
       Chain mail        |    33 |    49 ||    82
Dodge: Dodged            |    17 |    14 ||    31
Block: Shield            |    37 |    37 ||    74
